 Dungeon Crawl Stone Soup version 0.27-a0-13-g87abb2d9eb (webtiles) character file.

Game seed: 13054935610699250738

41 sahdkjhfkaj the Vexing (level 3, -1/30 HPs)
             Began as a Demigod Arcane Marksman on Jan 2, 2021.
             Slain by Crazy Yiuf
             ... wielding a +2 quarterstaff of chaos
              (4 damage)
             ... on level 2 of the Dungeon.
             The game lasted 00:02:49 (897 turns).

sahdkjhfkaj the Vexing (Demigod Arcane Marksman)     Turns: 897, Time: 00:02:50

Health: -1/30      AC:  8    Str: 15    XL:     3   Next: 16%
Magic:  7/7        EV:  7    Int: 23    God:
Gold:   103        SH:  0    Dex: 16    Spells: 3/4 levels left

rFire    . . .     SeeInvis .   b - +0 mace
rCold    . . .     Faith    .   (no shield)
rNeg     . . .     Spirit   .   c - +0 chain mail
rPois    .         Reflect  .   (no helmet)
rElec    .         Harm     .   (no cloak)
rCorr    .         Rampage  .   (no gloves)
Will     .....                  (no boots)
Stlth    ..........             (no amulet)
HPRegen  0.10/turn              e - +6 ring of intelligence
MPRegen  0.10/turn              (no ring)

@: hasted and slowed
A: high mp 1
a: no special abilities


You were on level 2 of the Dungeon.
You visited 1 branch of the dungeon, and saw 2 of its levels.

You collected 103 gold pieces.

Inventory:

Hand Weapons
 a - a +0 hand crossbow
 b - a +0 mace (weapon)
Missiles
 d - 9 bolts
Armour
 c - a +0 chain mail (worn)
Jewellery
 e - a +6 ring of intelligence (left hand)
Scrolls
 f - a scroll of identify
 h - a scroll of remove curse
Potions
 g - a potion of heal wounds {unknown}


   Skills:
 + Level 2.3 Fighting
 - Level 2.0 Crossbows
 - Level 2.0 Dodging
 - Level 1.1 Spellcasting
 - Level 3.0 Hexes


You had 3 spell levels left.
You knew the following spells:

 Your Spells              Type           Power        Failure   Level
a - Corona                Hex            16%          71%         1

Your spell library contained the following spells:

 Spells                   Type           Power        Failure   Level
 Slow                     Hex            15%          85%         2
 Inner Flame              Hex/Fire       8%           99%         3
 Portal Projectile        Hex/Tloc       16%          99%         3
 Cause Fear               Hex            7%           100%        4
 Leda's Liquefaction      Hex/Erth       4%           100%        4


Dungeon Overview and Level Annotations

Branches:
Dungeon (2/15)

Annotations:
D:2 Crazy Yiuf


Innate Abilities, Weirdness & Mutations

You have an increased reservoir of magic. (+10% MP)


Message History

You hit Crazy Yiuf but do no damage.
Crazy Yiuf is lightly wounded.
Crazy Yiuf barely misses you.
Crazy Yiuf hits you with a +2 quarterstaff of chaos.
You hit Crazy Yiuf but do no damage.
Crazy Yiuf is lightly wounded.
Crazy Yiuf hits you but does no damage.
Crazy Yiuf hits you with a +2 quarterstaff of chaos.
You feel yourself speed up.
You hit Crazy Yiuf.
Crazy Yiuf is heavily wounded.
Crazy Yiuf hits you but does no damage.
Crazy Yiuf hits you with a +2 quarterstaff of chaos.
Crazy Yiuf burns you.
Your chain mail prevents you from hitting Crazy Yiuf.
Crazy Yiuf is heavily wounded.
Crazy Yiuf hits you with a +2 quarterstaff of chaos!
* * * LOW HITPOINT WARNING * * *
Crazy Yiuf freezes you.
You die...

####### ###
###)#)..### #
#)))##.)#).....##
#
#.))g@####......#
# #)))###
###.#..# # ###
###..# #
#.#######
#........
#########


You could see Crazy Yiuf.

Vanquished Creatures
  An adder (D:2)
  A worm (D:2)
  A dart slug (D:1)
  3 leopard geckos (D:1)
  A giant cockroach (D:2)
  4 goblins
  2 hobgoblins (D:1)
  2 ball pythons
  4 bats
  2 frilled lizards
  A kobold (D:1)
  4 rats
26 creatures vanquished.

Notes
Turn   | Place    | Note
-------+----------+-------------------------------------------
     0 | D:1      | sahdkjhfkaj the Demigod Arcane Marksman began the quest for
                  | the Orb.
     0 | D:1      | Reached XP level 1. HP: 15/15 MP: 4/4
    56 | D:1      | Reached skill level 1 in Fighting
   180 | D:1      | Reached skill level 3 in Hexes
   180 | D:1      | Reached XP level 2. HP: 23/23 MP: 6/6
   561 | D:2      | Found a sacrificial altar of Ru.
   678 | D:2      | Reached XP level 3. HP: 27/29 MP: 7/7
   874 | D:2      | Found a runed translucent door.
   875 | D:2      | Noticed Crazy Yiuf
   897 | D:2      | Slain by Crazy Yiuf

Illustrated notes

Levels and vault maps discovered:
D:1:      ncdulo_wetmaze, layout_rooms
D:2:      layout_loops_ring, nicolae_ru_sacrificial_ziggurat,
          eat_drink_and_be_merry_uskayaw, overflow_temple_1_default,
          minmay_misc_feat_chi, grunt_dithmenos_smoke, uniq_crazy_yiuf_cottage

Skill      XL: |  1  2 |
---------------+-------+-----
Fighting       | 1 2 |  2.3
Crossbows      | 2 |  2.0
Dodging        | 2 |  2.0
Hexes          | 3 |  3.0
Spellcasting   | |  1.1

Action                   || total
-------------------------++-------
Melee: Unarmed           ||    24
       Mace              ||     7
 Fire: Hand crossbow     ||    88
 Cast: Corona            ||     1
  Use: Scroll            ||     2
Armor: Robe              ||     4
       Chain mail        ||    64
Dodge: Dodged            ||    27

Table legend: (Time is in decaauts)
 A = Elapsed time spent in this place.
 B = Non-inter-level travel time spent in this place.
 C = Inter-level travel time spent in this place.
 D = Time resting spent in this place.
 E = Time spent auto-exploring this place.
 F = Levels seen in this place.
 G = Mean time per level.
                   A        B        C        D        E       F      G
               +--------+--------+--------+--------+--------+-----+--------+
         Total |    938 |    920 |     18 |      0 |    663 |   2 |  469.0 |
       Dungeon |    938 |    920 |     18 |      0 |    663 |   2 |  469.0 |
               +--------+--------+--------+--------+--------+-----+--------+

Top non-repeatable levels by time:
     D:1: 577 daAuts
     D:2: 360 daAuts
